 Dungeon Crawl Stone Soup version 0.24.0-13-gcf9b3192b9 (webtiles) character file.

Game seed: 17166204697142567291, levelgen mode: deterministic

2566 FessEmpty the Ruffian (level 9, -2/105 HPs)
             Began as a Centaur Transmuter on Nov 9, 2019.
             Was a Priest of Fedhas.
             Slain by a vampire (7 damage)
             ... on level 10 of the Dungeon.
             The game lasted 00:33:03 (9907 turns).

FessEmpty the Ruffian (Centaur Transmuter)          Turns: 9907, Time: 00:33:04

Health: -2/105     AC: 24    Str: 12 (14) XL:     9   Next: 31%
Magic:  13/13      EV:  1    Int:  9 (12) God:    Fedhas [***...]
Gold:   319        SH:  0    Dex: 12 (14) Spells: 0/11 levels left

rFire    + . .     SeeInvis .   a - +8 dagger "Bung" {drain, +Rage rPois rC- Str-5}
rCold    x . .     Gourm    .   (no shield)
rNeg     + + +     Faith    .   (armour currently unavailable)
rPois    +         Spirit   .   (helmet currently unavailable)
rElec    .         Reflect  .   (cloak currently unavailable)
rCorr    .         Harm     .   (gloves currently unavailable)
MR       .....     NoTele   +   (no barding)
Stlth    ++........             w - amulet of magic regeneration
HPRegen  0.27/turn              J - ring of protection from fire
MPRegen  0.38/turn              (no ring)

@: confused, agile, tree-form, berserk cooldown, slowed, very slow
A: large, mutation resistance 2, strong 1
a: Wall of Briars, Grow Ballistomycete, Renounce Religion, Evoke Berserk Rage


You were on level 10 of the Dungeon.
You worshipped Fedhas.
Fedhas was most pleased with you.
You were near starving.
You were a tree.
You visited 2 branches of the dungeon, and saw 10 of its levels.
You also visited: Sewer.

You collected 319 gold pieces.

Inventory:

Hand Weapons
 a - the +8 dagger "Bung" (weapon) {drain, +Rage rPois rC- Str-5}
   (You found it on level 5 of the Dungeon)

   A truly terrible weapon, it drains the life of those it strikes.
   It affects your strength (-5).
   It makes you vulnerable to cold.
   It protects you from poison.
   It lets you go berserk.
 b - a +0 shortbow
 C - the +4 whip of Axiedodgh {slash, +Rage rElec rF- Int+3 Dex+2}
   (You found it on level 5 of the Dungeon)

   It inflicts extra damage upon your enemies.
   It affects your intelligence (+3).
   It affects your dexterity (+2).
   It makes you vulnerable to fire.
   It insulates you from electricity.
   It lets you go berserk.
Missiles
 o - 97 arrows
 v - 14 poisoned darts (quivered)
Armour
 x - a +0 helmet (melded)
 y - a +0 chain mail (melded)
Jewellery
 s - an uncursed amulet of guardian spirit
 w - an amulet of magic regeneration (around neck)
 J - a ring of protection from fire (left branch)
Wands
 h - a wand of iceblast (8)
 p - a wand of polymorph (5)
 D - a wand of flame (14)
Scrolls
 c - 2 scrolls of immolation {unknown}
 g - 2 scrolls of remove curse
 i - 2 scrolls of enchant weapon
 k - 4 scrolls of fear
 l - 3 scrolls of blinking {unknown}
 n - 5 scrolls of teleportation {unknown}
 q - 2 scrolls of amnesia {unknown}
 u - a scroll of noise {unknown}
 G - a scroll of random uselessness {unknown}
 H - a scroll of fog {unknown}
 K - a scroll of enchant armour {unknown}
Potions
 e - a potion of magic
 f - 2 potions of mutation
 j - 2 potions of lignification
 m - 3 potions of resistance {unknown}
 r - 2 potions of cancellation
 t - a potion of haste {unknown}
 z - a potion of degeneration
 A - 2 potions of heal wounds {unknown}
 B - a potion of ambrosia {unknown}
 E - a potion of might {unknown}
 F - a potion of agility
 L - a potion of flight {unknown}
 M - a potion of berserk rage {unknown}
Comestibles
 d - 18 rations


   Skills:
 - Level 3.6 Fighting
 * Level 6.8 Bows
 - Level 1.3 Dodging
 - Level 7.0 Unarmed Combat
 - Level 1.5 Spellcasting
 * Level 6.8 Transmutations
 - Level 5.3 Invocations
 + Level 0.5 Evocations


You couldn't memorise any spells.
You knew the following spells:

 Your Spells              Type           Power        Failure   Level  Hunger
a - Beastly Appendage     Tmut           ##....       2%          1    ##.....
b - Spider Form           Tmut/Pois      #.........   26%         3    ####...
c - Sticks to Snakes      Tmut           ##......     3%          2    ###....
d - Blade Hands           Tmut           ##........   52%         5    ######.

Your spell library contained the following spells:

 Spells                   Type           Power        Failure   Level  Hunger
 Animate Skeleton         Necr           N/A          34%         1    ##.....
 Apportation              Tloc           #.....       34%         1    ##.....
 Confusing Touch          Hex            #.....       34%         1    ##.....
 Shock                    Conj/Air       #...         34%         1    ##.....
 Summon Small Mammal      Summ           #...         34%         1    ##.....
 Ensorcelled Hibernation  Hex/Ice        #.....       47%         2    ###....
 Ice Form                 Ice/Tmut       #.......     65%         4    #####..


Dungeon Overview and Level Annotations

Branches:
Dungeon (8/15)             Temple (1/1) D:4           Sewer (visited)
   Lair: D:8-11

Altars:
Ashenzari
Cheibriados
Dithmenos
Elyvilon
Fedhas
Gozag
Hepliaklqana
Kikubaaqudgha
Makhleb
Nemelex Xobeh
Okawaru
Qazlal
Ru
Sif Muna
Trog
Uskayaw
Vehumet
Wu Jian
Xom
Yredelemnul
Zin
The Shining One

Shops:
D:4 }   D:5 %

Annotations:
D:8 Gastronok


Innate Abilities, Weirdness & Mutations

((You have hooves in place of feet.))
((Armour fits poorly on your strangely shaped body.))
((You cover ground very quickly.))
((You have extremely tough skin. (AC +3)))
You are somewhat resistant to both further mutation and mutation removal.
Your muscles are strong. (Str +2)


Message History

The adder barely misses you.
You closely miss the adder. Your kick misses the adder.
The adder is almost dead.
The adder bites you. The adder bites you but does no damage.
You hit the adder.
You kill the adder!
Fedhas accepts your kill.
b - a +0 shortbow (weapon)
o - 97 arrows (gained 1)
o - 100 arrows (gained 3)
Okay, then.
You feel weaker.
Oops, that ring feels deathly cold.
N - a cursed -3 ring of strength (right hand)
As you read the scroll of remove curse, it crumbles to dust.
You feel as if something is helping you.
Drop what? 39/52 slots (_ for help) (? for menu, Esc to quit)
You remove your -3 ring of strength.
You feel stronger.
You drop a -3 ring of strength.
That item cannot be evoked!
d - 18 rations (gained 1)
A scorpion comes into view.
Firing (i - inventory. (/) - cycle)
o - 100 arrows (quivered)
Press: ? - help, Shift-Dir - straight line, f - scorpion
Aim: a scorpion You shoot an arrow.
The arrow hits the scorpion.
The scorpion is lightly wounded.
Firing (i - inventory. (/) - cycle)
o - 99 arrows (quivered)
Press: ? - help, Shift-Dir - straight line, f/p - scorpion
Aim: a scorpion (lightly wounded)
You shoot an arrow. The arrow hits the scorpion!
The scorpion is severely wounded.
Firing (i - inventory. (/) - cycle)
o - 98 arrows (quivered)
Press: ? - help, Shift-Dir - straight line, f/p - scorpion
Aim: a scorpion (severely wounded)
You shoot an arrow. The arrow hits the scorpion.
The scorpion is severely wounded.
You sense an unholy aura.
a - the +8 dagger "Bung" (weapon)
{drain, +Rage rPois rC- Str-5} The scorpion stings you.
You hit the scorpion. You drain the scorpion.
You kill the scorpion!
Fedhas accepts your kill.
b - a +0 shortbow (weapon)
o - 98 arrows (gained 1)
o - 99 arrows (gained 1)
o - 100 arrows (gained 1)
A sky beast comes into view.
A sky beast is nearby!
Firing (i - inventory. (/) - cycle)
o - 100 arrows (quivered)
Press: ? - help, Shift-Dir - straight line, f - sky beast
Aim: a sky beast You shoot an arrow.
The arrow barely misses the sky beast.
Firing (i - inventory. (/) - cycle)
o - 99 arrows (quivered)
Press: ? - help, Shift-Dir - straight line, f/p - sky beast
Aim: a sky beast You shoot an arrow.
The arrow hits the sky beast!
The sky beast is moderately wounded.
Firing (i - inventory. (/) - cycle)
o - 98 arrows (quivered)
Press: ? - help, Shift-Dir - straight line, f/p - sky beast
Aim: a sky beast (moderately wounded)
You shoot an arrow. The arrow hits the sky beast.
The sky beast is heavily wounded.
The sky beast flickers out of sight!
Deactivating autopickup; reactivate with Ctrl-A.
You sense an unholy aura.
a - the +8 dagger "Bung" (weapon)
{drain, +Rage rPois rC- Str-5} Something hits you but does no damage.
You hit something. Your kick misses something.
Something hits you but does no damage.
You hit something. Something hits you but does no damage.
You barely miss something. Something hits you but does no damage.
You closely miss something.
A sky beast appears from thin air!
Reactivating autopickup.
The sky beast hits you but does no damage.
You hit the sky beast. You drain the sky beast.
You kill the sky beast!
Fedhas accepts your kill.
You see here a sky beast corpse.
o - 98 arrows (gained 1)
Found a stone staircase leading up.
b - a +0 shortbow (weapon)
Found a ring mail.
A vampire comes into view.
Firing (i - inventory. (/) - cycle)
o - 98 arrows (quivered)
Press: ? - help, Shift-Dir - straight line, f - vampire
Aim: a vampire You shoot an arrow.
The arrow barely misses the vampire.
The vampire gestures at you while chanting.
You are confused.
Okay, then.
You are too confused!
You feel less confused.
The vampire mumbles some strange words.
The vampire flickers and vanishes!
Deactivating autopickup; reactivate with Ctrl-A.
You hear some strange, mumbled words.
You are confused.
You're too confused to move!
You hear some strange, mumbled words.
You are more confused.
You bump into the rock wall.
You bump into the rock wall.
You bump into the rock wall.
Something hits you. Something bites you.
Something draws strength from your injuries!
You bump into the rock wall.
Something hits you but does no damage. Something bites you!
Something draws strength from your injuries!
Okay, then.
You sense an unholy aura.
a - the +8 dagger "Bung" (weapon)
{drain, +Rage rPois rC- Str-5} You're too confused to move!
Something hits you but does no damage. Something bites you!
Something draws strength from your injuries!
You bump into the rock wall.
You hear some strange, mumbled words.
You are more confused.
You bump into the rock wall.
Your chain mail prevents you from hitting something.
Your kick misses something. Something hits you but does no damage.
Something bites you.
Something draws strength from your injuries!
You bump into the rock wall.
Something hits you. Something bites you.
Something draws strength from your injuries!
You hit something but do no damage. Your punch misses something.
Something hits you. Something bites you but does no damage.
You're too confused to move!
Something hits you. Something bites you but does no damage.
It was a potion of lignification.
You turn into a tree.
Your +0 helmet melds into your body.
Your +0 chain mail melds into your body.
Your roots penetrate the ground.
Something hits you but does no damage. Something bites you!
* * * LOW HITPOINT WARNING * * *
You cannot move. (Use ctrl+direction or * direction to attack without moving.)
You cannot move. (Use ctrl+direction or * direction to attack without moving.)
You cannot move. (Use ctrl+direction or * direction to attack without moving.)
You cannot move. (Use ctrl+direction or * direction to attack without moving.)
You cannot move. (Use ctrl+direction or * direction to attack without moving.) You're too confused to cast spells.
Unknown command.
You swing at nothing.
Something hits you but does no damage. Something bites you but does no damage.
You barely miss something.
You feel less confused. Something hits you but does no damage.
Something bites you but does no damage.
You barely miss something. Something hits you but does no damage.
Something bites you.
* * * LOW HITPOINT WARNING * * *
You miss something. Something hits you.
* * * LOW HITPOINT WARNING * * *
Something bites you!
* * * LOW HITPOINT WARNING * * *
Okay, then.
A red film seems to cover your vision as you go berserk!
You feel yourself moving faster!
You feel mighty!
You are feeling very hungry.
Something hits you!
* * * LOW HITPOINT WARNING * * *
Something bites you!
* * * LOW HITPOINT WARNING * * *
You hit something. You hit something but do no damage.
Something hits you but does no damage. Something bites you but does no damage.
You are too berserk!
You hit something.
You hear some strange, mumbled words.
You are confused.
You cannot move. (Use ctrl+direction or * direction to attack without moving.)
You cannot move. (Use ctrl+direction or * direction to attack without moving.)
You puncture something!
You swing at nothing.
You hear some strange, mumbled words.
You are more confused.
You swing at nothing.
You feel a strong urge to attack something.
Something hits you.
* * * LOW HITPOINT WARNING * * *
Something bites you but does no damage.
You swing at nothing.
You are no longer berserk.
You are exhausted.
You feel yourself slow down.
It was a potion of mutation.
You feel extremely strange.
You feel stronger.
You feel genetically stable. x2
Something completely misses you. x2; Something hits you but does no damage.
Something bites you but does no damage.
It was a potion of degeneration.
There was something very wrong with that liquid.
You feel weakened.
You feel dopey.
You feel clumsy.
Something is infused with unholy energy, but nothing happens.
Okay, then.
You're too confused!
It was a potion of agility.
You feel agile all of a sudden.
You are near starving!
Something hits you!
You die...
Fedhas appreciates your contribution to the ecosystem.

### ########## # #..
.....(...# #.#.#
##########.##.
###.#.###.............
#....................#
#####.###............#
#.###............#
#{#..............#
###♣#..............#
#<#.#....#####[#..##
#.#..........#.#..#
###.###....###.#.##.#
#..............#.....
#######....#####..#
#........=.......#
#.##########..##.# #.#
#..#


There were no monsters in sight!

Vanquished Creatures
  Menkaure (D:7)
  Edmund (D:4)
  Duvessa (D:6)
  A sky beast (D:10)
  A black bear (D:7)
  A necrophage (D:7)
  2 ogres
  2 centaurs
  5 bullfrogs
  Blork the orc (D:4)
  Dowan (D:6)
  3 scorpions
  2 crimson imps
  A bullfrog zombie (D:6)
  A howler monkey (D:4)
  A centaur zombie (D:7)
  4 bullfrog skeletons
  A hound (D:7)
  3 orc priests
  5 orc wizards
  Ijyb (D:3)
  An iguana (D:5)
  4 worker ants
  7 gnolls
  15 adders
  A river rat (D:5)
  A shadow imp (D:6)
  2 oozes
  3 adder skeletons
  2 worms (D:3)
  2 dart slugs
  7 leopard geckos
  17 orcs
  9 giant cockroaches
  6 goblins
  8 hobgoblins
  9 jackals
  8 kobolds
  3 quokkas
  2 ball pythons
  6 bats
  11 frilled lizards
  2 jackal zombies
  A leopard gecko zombie (D:6)
  4 rats
170 creatures vanquished.

Vanquished Creatures (collateral kills)
  An ogre (D:7)
  2 orcs (D:7)
3 creatures vanquished.

Grand Total: 173 creatures vanquished

Notes
Turn   | Place    | Note
-------+----------+-------------------------------------------
     0 | D:1      | FessEmpty the Centaur Transmuter began the quest for the
                  | Orb.
     0 | D:1      | Reached XP level 1. HP: 16/16 MP: 3/3
   459 | D:1      | Reached XP level 2. HP: 8/23 MP: 4/4
   901 | D:1      | HP: 1/24 [jackal (3)]
   964 | D:1      | HP: 1/24 [jackal (3)]
  1328 | D:1      | You fall into a shaft and drop 1 floor!
  1362 | D:2      | Reached XP level 3. HP: 29/29 MP: 5/5
  1886 | D:1      | Learned a level 3 spell: Spider Form
  1892 | D:2      | Reached skill level 4 in Unarmed Combat
  2070 | D:2      | Reached XP level 4. HP: 37/37 MP: 4/6
  2469 | D:3      | Learned a level 2 spell: Sticks to Snakes
  2475 | D:3      | Noticed Ijyb
  2494 | D:3      | Killed Ijyb
  2608 | D:3      | You fall into a shaft and drop 1 floor!
  2608 | D:4      | Noticed Blork the orc
  2613 | D:4      | Killed Blork the orc
  2613 | D:4      | Reached skill level 5 in Unarmed Combat
  2613 | D:4      | Reached XP level 5. HP: 40/45 MP: 0/7
  3502 | D:4      | Found a staircase to the Ecumenical Temple.
  3516 | Temple   | Entered the Ecumenical Temple
  3831 | Temple   | Became a worshipper of Fedhas Madash
  3860 | D:4      | Reached XP level 6. HP: 33/51 MP: 8/8
  4121 | D:4      | Found Doropn's Gadget Boutique.
  4210 | D:4      | Reached skill level 1 in Invocations
  4409 | D:4      | Found a stormy altar of Qazlal.
  4433 | D:4      | Noticed Edmund
  4464 | D:4      | Killed Edmund
  4464 | D:4      | Reached skill level 6 in Unarmed Combat
  4738 | D:4      | Reached XP level 7. HP: 43/57 MP: 9/9
  5133 | D:5      | Entered Level 5 of the Dungeon
  5133 | D:5      | Found a glowing drain.
  5141 | Sewer    | Entered a sewer
  5266 | Sewer    | Reached * piety under Fedhas
  6793 | D:5      | Found Zytuperao's Food Boutique.
  6834 | D:5      | Got an encrusted dagger
  6835 | D:5      | Identified the +8 dagger "Bung" {drain, +Rage rPois rC-
                  | Str-5} (You found it on level 5 of the Dungeon)
  7006 | D:5      | Got a twisted whip
  7007 | D:5      | Identified the +4 whip of Axiedodgh {slash, +Rage rElec rF-
                  | Int+3 Dex+2} (You found it on level 5 of the Dungeon)
  7326 | D:5      | Reached XP level 8. HP: 54/64 MP: 10/10
  7372 | D:6      | Noticed Duvessa
  7372 | D:6      | Noticed Dowan
  7378 | D:6      | Killed Duvessa
  7378 | D:6      | Reached skill level 5 in Transmutations
  7386 | D:6      | Killed Dowan
  7536 | D:6      | Reached ** piety under Fedhas
  7562 | D:6      | Reached skill level 7 in Unarmed Combat
  7594 | D:6      | Identified the Grimoire of Frigorific Air
  7647 | D:6      | Reached skill level 1 in Bows
  8428 | D:7      | Reached skill level 5 in Invocations
  8771 | D:7      | Reached skill level 5 in Bows
  8836 | D:7      | Reached XP level 9. HP: 66/70 MP: 12/12
  8870 | D:7      | Noticed Menkaure
  9002 | D:7      | Learned a level 5 spell: Blade Hands
  9308 | D:7      | Killed Menkaure
  9619 | D:7      | Reached *** piety under Fedhas
  9652 | D:8      | Noticed Gastronok
  9698 | D:8      | You fall into a shaft and drop 2 floors!
  9698 | D:10     | Entered Level 10 of the Dungeon
  9903 | D:10     | HP: 6/157 [something (3)]
  9905 | D:10     | Gained mutation: Your muscles are strong. (Str +2) [potion
                  | of mutation]
  9905 | D:10     | Gained mutation: You are somewhat resistant to further
                  | mutation. [potion of mutation]
  9905 | D:10     | Gained mutation: You are somewhat resistant to both further
                  | mutation and mutation removal. [potion of mutation]
  9907 | D:10     | Slain by a vampire

Levels and vault maps discovered:
D:1:      lemuel_arrival_lava_pool, layout_basic, minivault_11
D:2:      layout_basic
D:3:      layout_basic, uniq_ijyb
D:4:      layout_loops_corners, overflow_temple_1_default,
          minmay_temple_entry_ruins, first_ration, serial_shops, shop,
          uniq_blork_the_orc, uniq_edmund
D:5:      layout_loops_ring, cheibrodos_sewer_entry_sluice, serial_shops,
          kennysheep_little_box
D:6:      layout_rooms, interstate_on_off, uniq_duvessa
D:7:      layout_basic, uniq_menkaure
D:8:      layout_rooms, due_lair_maze_entry_diamond, serial_shops, shop,
          uniq_gastronok
D:10:     layout_basic, orc_david_3, basic_altar
Temple:   regret_index_temple_sigil_plot

Skill      XL: |  1  2  3  4  5  6  7  8  9 |
---------------+----------------------------+-----
Fighting       | 2 3 |  3.6
Unarmed Combat | 4 5 6 7 |  7.0
Transmutations | 2 3 4 6 |  6.8
Invocations    | 2 3 5 |  5.3
Bows           | 5 6 |  6.8
Dodging        | |  1.3
Spellcasting   | |  1.5
Evocations     | |  0.5

Action                   |  1- 3 |  4- 6 |  7- 9 || total
-------------------------+-------+-------+-------++-------
Melee: Unarmed           |   119 |   149 |   108 ||   376
       Kick              |    12 |    22 |    50 ||    84
       Punch             |     2 |     2 |     2 ||     6
       Headbutt          |     1 |     6 |     5 ||    12
       Dagger            |       |       |   216 ||   216
       Whip              |       |       |    14 ||    14
 Fire: Shortbow          |       |       |    84 ||    84
Throw: Dart              |       |     2 |     4 ||     6
 Cast: Beastly Appendage |     3 |    13 |    13 ||    29
       Sticks to Snakes  |       |     3 |     2 ||     5
       Spider Form       |       |     3 |     3 ||     6
Invok: Wall of Briars    |       |       |     2 ||     2
 Abil: Evoke Berserk Rag |       |       |     3 ||     3
Evoke: Wand              |       |     2 |       ||     2
  Use: Potion            |     2 |       |     4 ||     6
       Scroll            |     1 |     3 |     3 ||     7
  Eat: Chunk             |     3 |     9 |    14 ||    26
       Ration            |       |       |     1 ||     1
Armor: Robe              |    60 |     8 |       ||    68
       Leather armour    |       |    18 |    37 ||    55
       Skin              |       |     1 |    15 ||    16
       Chain mail        |       |       |   140 ||   140
       Ring mail         |       |       |     2 ||     2
Dodge: Dodged            |    68 |    55 |   104 ||   227
